Map: Ruins of Endion

Players

Busker

  • Race: Zerg Zerg
  • League: Grandmaster

Miszu - Winner!

  • Race: Terran Terran
  • League: Master

VOD

Have the link to the VOD?

Description

Time

  • Played on: May 1, 2016, 3:10 p.m.
  • Length: 15:15
Show
View Real Time Build Order
Export as new Build Order

Busker Zerg 

Build Orders: Hatch First 

Get SALT Encoding   

  12  0:01  Drone  
  13  0:12  Overlord  
  13  0:18  Drone  
  14  0:31  Drone x2  
  16  0:36  Drone  
  17  0:52  Hatchery  
  17  0:54  Drone  
  17  0:58  Drone  
  18  1:09  Extractor  
  17  1:13  Spawning Pool  
  17  1:16  Drone  
  17  1:18  Drone  
  18  1:28  Drone  
  19  1:40  Overlord  
  19  1:50  Drone  
  20  1:59  Queen  
  20  2:01  Zergling x2  
  23  2:04  Queen  
  23  2:05  Zergling x2  
  26  2:09  Metabolic Boost  
  26  2:11  Drone  
  27  2:16  Drone  
  27  2:22  Drone  
  29  2:28  Extractor  
  28  2:34  Drone  
  28  2:35  Drone  
  29  2:39  Drone  
  29  2:40  Queen  
  29  2:43  Overlord  
  33  2:47  Drone  
  34  2:55  Drone  
  35  2:59  Drone  
  35  3:00  Pneumatized Carapace  
  35  3:05  Overlord  
  36  3:09  Drone  
  36  3:10  Drone x2  
  36  3:11  Drone  
  40  3:13  Drone x3  
  43  3:26  Drone x2  
  45  3:31  Hatchery  
  44  3:35  Overlord  
  44  3:43  Drone x3  
  44  3:47  Roach Warren  
  46  3:48  Extractor  
  46  3:51  Overlord  
  45  3:56  Drone x4  
  45  4:01  Overlord  
  49  4:13  Queen x2  
  53  4:17  Drone  
  53  4:18  Drone x4  
  58  4:28  Extractor  
  58  4:30  Evolution Chamber  
  56  4:31  Drone  
  56  4:32  Drone  
  56  4:33  Evolution Chamber  
  57  4:40  Overlord  
  57  4:41  Zergling x8  
  61  4:47  Spore Crawler, Drone x3  
  63  4:59  Drone x2  
  63  5:03  Drone x2  
  63  5:05  Zerg Missile Weapons Level 1, Zerg Ground Armor Level 1  
  65  5:12  Drone x3  
  65  5:13  Drone  
  69  5:17  Queen x2  
  69  5:19  Queen  
  75  5:22  Drone  
  75  5:24  Drone  
  75  5:26  Drone  
  75  5:27  Drone  
  79  5:30  Extractor  
  79  5:35  Overlord x2  
  77  5:37  Drone x3  
  80  5:46  Spore Crawler  
  80  5:47  Drone x4  
  83  5:51  Hatchery  
  83  5:55  Lair  
  82  5:59  Extractor  
  82  6:01  Extractor  
  79  6:10  Roach  
  79  6:11  Roach x7  
  94  6:20  Drone  
  94  6:24  Overlord x2  
  95  6:26  Drone x3  
  95  6:29  Drone  
  95  6:30  Drone  
  95  6:31  Drone  
  101  6:35  Queen x2  
  101  6:38  Overlord x3  
  105  6:44  Roach x3  
  111  6:52  Overlord  
  111  6:53  Overlord  
  111  6:59  Infestation Pit  
  108  7:03  Glial Reconstitution, Zerg Ground Armor Level 2, Zerg Missile Weapons Level 2  
  103  7:10  Drone x3  
  103  7:15  Roach x3  
  112  7:16  Roach x3  
  117  7:29  Overlord  
  117  7:32  Drone x7  
  117  7:33  Ravager, Drone x2  
  117  7:34  Ravager x4  
  117  7:37  Pathogen Glands  
  131  7:46  Drone x3  
  131  7:47  Drone x2  
  131  7:51  Drone x3  
  139  7:52  Drone  
  139  7:53  Drone x2  
  141  8:00  Drone x3  
  141  8:04  Drone  
  145  8:06  Extractor  
  145  8:08  Extractor  
  145  8:09  Overlord  
  145  8:11  Overlord, Roach  
  145  8:12  Roach  
  147  8:18  Spore Crawler x2  
  147  8:19  Overlord, Spore Crawler  
  142  8:20  Roach x4  
  150  8:32  Roach x5  
  150  8:33  Roach x3  
  166  8:50  Hive  
  166  8:54  Infestor x5  
  166  8:55  Spire  
  175  8:57  Ravager x3  
  175  8:58  Ravager  
  179  9:08  Roach x9  
  192  9:23  Overlord  
  192  9:26  Ravager x6  
  198  9:34  Spine Crawler x3  
  198  9:35  Spore Crawler, Spine Crawler  
  198  9:37  Spore Crawler, Drone x7  
  198  9:38  Spore Crawler x2  
  198  9:40  Spine Crawler  
  194  10:02  Drone x2  
  194  10:03  Drone  
  197  10:11  Adrenal Glands, Greater Spire  
  197  10:12  Zerg Missile Weapons Level 3  
  197  10:13  Zerg Ground Armor Level 3  
  197  10:15  Hatchery  
  176  10:47  Roach x13  
  176  10:48  Roach x4  
  194  11:02  Ravager x6  
  189  11:26  Corruptor x4  
  189  11:27  Corruptor  
  199  11:42  Drone  
  199  11:43  Zerg Flyer Armor Level 1  
  168  11:53  Roach x7  
  168  11:54  Roach x11  
  166  11:59  Brood Lord  
  166  12:00  Brood Lord x2  
  158  12:07  Extractor  
  157  12:08  Extractor  
  157  12:13  Brood Lord  
  157  12:14  Zergling x26  
  165  12:25  Roach x4  
  158  12:41  Zergling x16  
  154  12:49  Queen x4  
  154  12:50  Zerg Melee Weapons Level 1, Queen  
  164  12:59  Ultralisk Cavern  
  164  13:02  Zergling x18  
  164  13:03  Zergling x8  
  176  13:08  Spine Crawler x2  
  174  13:18  Drone  
  175  13:24  Zergling x32  
  166  13:54  Ultralisk x3  
  166  13:55  Zergling x2, Ultralisk x3  
  143  14:05  Zergling x14  
  143  14:06  Zergling x2  
  137  14:16  Zergling x14  
  138  14:29  Zergling x2  
  138  14:30  Zergling x18  
  110  14:56  Hatchery  
Show
View Real Time Build Order
Export as new Build Order

Miszu Terran - Winner!

Build Orders: Liberator Opening, Reaper Expand, Bio Tank 

Get SALT Encoding   

  12  0:00  SCV  
  13  0:12  SCV  
  14  0:17  Supply Depot  
  14  0:24  SCV  
  15  0:39  SCV  
  15  0:41  Barracks  
  16  0:44  Refinery  
  16  0:51  SCV  
  17  1:03  SCV  
  18  1:15  SCV  
  19  1:27  Orbital Command  
  19  1:28  Reaper  
  20  1:40  Command Center  
  20  1:49  Supply Depot  
  20  1:53  SCV  
  21  2:00  Marine  
  22  2:07  Factory, SCV  
  23  2:12  Refinery  
  23  2:19  SCV  
  23  2:21  Barracks Reactor  
  24  2:31  SCV  
  25  2:43  SCV  
  26  2:52  Orbital Command  
  26  2:54  Starport, Factory Tech Lab  
  26  2:55  SCV  
  26  2:58  Marine x2  
  28  3:02  Bunker  
  29  3:08  SCV  
  30  3:19  SCV  
  31  3:20  SCV  
  31  3:21  Siege Tank  
  31  3:26  Liberator  
  35  3:31  Marine, SCV  
  35  3:32  Marine, SCV  
  39  3:39  Supply Depot  
  39  3:43  SCV  
  39  3:44  SCV  
  44  3:56  SCV  
  44  4:00  SCV  
  46  4:03  Command Center  
  46  4:09  Liberator  
  46  4:11  Barracks x2  
  46  4:13  SCV  
  47  4:17  SCV  
  47  4:22  Supply Depot  
  48  4:25  SCV  
  48  4:29  SCV  
  53  4:32  Refinery  
  53  4:33  Refinery  
  53  4:37  SCV  
  54  4:44  Engineering Bay, SCV  
  54  4:45  Engineering Bay  
  55  4:50  SCV  
  56  4:53  Marine x2  
  56  4:56  SCV  
  59  5:02  SCV  
  59  5:06  Barracks Tech Lab x2  
  56  5:07  Siege Tank  
  56  5:08  SCV  
  56  5:10  Starport Reactor  
  56  5:14  SCV  
  61  5:15  Terran Infantry Weapons Level 1, Terran Infantry Armor Level 1  
  61  5:16  Orbital Command  
  61  5:20  SCV  
  62  5:24  Supply Depot  
  62  5:25  Marine x2  
  62  5:26  SCV  
  62  5:28  Stimpack  
  65  5:30  Marine x2  
  65  5:32  SCV  
  68  5:38  Barracks  
  68  5:39  Barracks  
  68  5:41  Combat Shields  
  68  5:43  Marine  
  68  5:47  Orbital Command  
  68  5:48  Marine  
  68  5:49  Marine x2  
  71  5:54  Medivac x2  
  76  5:57  SCV  
  76  5:58  SCV  
  76  6:01  Marine  
  79  6:04  Siege Tank  
  79  6:06  Marine x2  
  79  6:07  Marine  
  85  6:15  Armory  
  85  6:19  Marine, SCV  
  85  6:20  SCV x2  
  85  6:24  Marine x2  
  91  6:26  Barracks Reactor x2  
  91  6:32  SCV x2  
  93  6:41  Supply Depot  
  93  6:42  Supply Depot  
  93  6:48  Armory  
  93  6:51  Factory Reactor  
  93  6:59  SCV  
  93  7:02  Marine x2, SCV x2  
  93  7:03  Marauder x2  
  93  7:05  Medivac x2, Siege Tank  
  108  7:11  SCV  
  108  7:15  Supply Depot  
  109  7:16  Supply Depot  
  109  7:17  Supply Depot  
  109  7:18  Marine, SCV  
  109  7:19  SCV  
  109  7:23  SCV  
  109  7:24  Marauder x2  
  109  7:28  Barracks x2  
  114  7:30  Barracks  
  114  7:31  SCV x2  
  114  7:35  SCV  
  117  7:38  Siege Tank  
  117  7:40  Medivac x2  
  117  7:43  SCV x2  
  126  7:45  Marauder  
  126  7:47  SCV  
  126  7:48  Marine  
  126  7:49  Marine  
  131  7:52  Supply Depot  
  131  7:53  Supply Depot  
  131  7:55  Supply Depot, SCV x2  
  131  7:57  Refinery  
  131  7:58  Refinery  
  131  7:59  SCV  
  131  8:01  Factory  
  132  8:07  SCV x2  
  132  8:11  SCV  
  135  8:13  Marine x3  
  135  8:14  Siege Tank  
  135  8:19  SCV  
  141  8:25  Barracks Tech Lab  
  141  8:26  Barracks Tech Lab  
  141  8:27  Barracks Tech Lab  
  146  8:32  Supply Depot  
  146  8:33  Supply Depot  
  144  8:34  Supply Depot  
  144  8:35  Terran Infantry Armor Level 2, Terran Infantry Weapons Level 2  
  144  8:37  Marine x2  
  142  8:41  Marine  
  142  8:42  Marine x5  
  142  8:48  Siege Tank, Factory Tech Lab  
  151  8:54  Terran Vehicle Weapons Level 1  
  151  8:55  Marine x2  
  152  8:59  Marine x2  
  152  9:00  Marauder  
  152  9:02  Marine, Marauder x3  
  164  9:06  Marine, Marauder  
  161  9:20  Marine x5  
  161  9:22  Marauder  
  161  9:23  Marine, Marauder x2  
  161  9:24  Marine  
  174  9:27  Marine  
  175  9:33  Siege Tank  
  175  9:35  Siege Tank  
  175  9:36  Medivac  
  175  9:37  Marine  
  175  9:38  Marine  
  185  9:41  Marine, Marauder  
  185  9:42  Marine  
  185  9:44  Marine x3, Marauder  
  194  9:46  Marine, Marauder  
  195  9:55  Marine  
  188  10:00  Marine x2  
  188  10:01  Medivac  
  188  10:05  Siege Tank  
  188  10:06  Medivac  
  197  10:11  Marine  
  197  10:12  Marine x2  
  189  10:42  Marine  
  176  10:43  Marauder  
  176  10:45  Marauder  
  176  10:49  Marine x8  
  188  10:50  Siege Tank  
  183  11:00  Marine  
  183  11:04  Marine  
  184  11:05  Marine  
  184  11:06  Marine  
  184  11:07  Marauder, Marine, Command Center  
  184  11:09  Marine x4, Marauder  
  184  11:10  Siege Tank  
  199  11:15  Terran Infantry Weapons Level 3, Terran Infantry Armor Level 3, Terran Vehicle Weapons Level 2  
  199  11:18  Marine  
  199  11:21  Marine  
  199  11:23  Marine  
  194  11:29  Marine  
  195  11:33  Liberator x2  
  180  11:53  Marauder  
  180  11:54  Marauder  
  166  11:58  Marauder  
  166  12:01  Marauder, Concussive Shells  
  169  12:08  Marauder  
  169  12:09  Marine, Siege Tank  
  169  12:10  Marine x5  
  169  12:14  Marine  
  169  12:15  Marauder, Liberator  
  181  12:16  Liberator  
  181  12:19  Marine  
  181  12:21  Marine  
  183  12:27  Marine x3  
  183  12:28  Marine x3  
  183  12:29  Marine  
  189  12:32  Marine  
  189  12:36  Marine  
  193  12:37  Marine  
  193  12:39  Marine  
  190  12:45  Marine x6  
  190  12:47  Marine  
  190  12:50  Marine  
  198  12:53  Marine  
  198  12:55  Starport x3, Marine  
  200  13:05  Ghost Academy  
  200  13:11  Refinery  
  200  13:14  Refinery  
  200  13:21  Command Center  
  200  13:46  Marine  
  191  13:53  Ghost x5  
  191  13:55  Medivac x2  
  176  13:58  Marine  
  176  13:59  Marine x2  
  169  14:14  Marine x2  
  169  14:15  Marine  
  169  14:16  Marine  
  169  14:17  Marine  
  172  14:21  Ghost x3  
  172  14:22  Marauder  
  172  14:23  Marine  
  172  14:24  Marine  
  181  14:32  Marine x3  
  181  14:34  Marine x2  
  186  14:41  Marine  
  186  14:42  Marine  
  186  14:43  Marine  
  189  14:50  Marine x5  
Tags
 
Add a new tag
Caveats
  • Supply blocks, unpowered buildings, or Contaminate may cause inaccurate times.
  • Supply counts are checked every 10 seconds.